 Dungeon Crawl Stone Soup version 0.30-a0-718-geaa24f58ff (webtiles) character file.

Game seed: 1870147576400382350

73 funkygono the Firebug (level 4, -1/24 HPs)
             Began as a Gargoyle Fire Elementalist on Jan 25, 2023.
             Slain by Sigmund
             ... wielding a +0 scythe
              (8 damage)
             ... on level 3 of the Dungeon.
             The game lasted 00:03:55 (2488 turns).

funkygono the Firebug (Gargoyle Fire Elementalist)  Turns: 2488, Time: 00:03:56

Health: -1/24      AC:  6    Str: 11    XL:     4   Next: 27%
Magic:  8/8        EV: 12    Int: 24    God:
Gold:   108        SH:  0    Dex: 10    Spells: 2/8 levels left

rFire   . . .      SeeInvis .    d - +0 whip
rCold   . . .      Faith    .    (no shield)
rNeg    + . .      Spirit   .    a - +0 robe
rPois   ∞          Reflect  .    m - +0 helmet
rElec   +          Harm     .    (no cloak)
rCorr   .          Rampage  .    (no gloves)
Will    .....                    (no boots)
Stlth   ++                       g - amulet of the acrobat
HPRegen 0.24/turn                c - +6 ring of intelligence
MPRegen 0.11/turn                (no ring)

@: no status effects
A: sickness immunity, AC +3, negative energy resistance 1, electricity
resistance, torment resistance 1, petrification resistance
a: no special abilities


You were on level 3 of the Dungeon.
You visited 1 branch of the dungeon, and saw 3 of its levels.

You collected 108 gold pieces.

Inventory:

Hand Weapons
 d - a +0 whip (weapon)
Armour
 a - a +0 robe (worn)
 m - a +0 helmet (worn)
Jewellery
 c - a +6 ring of intelligence (left hand)
 g - an amulet of the acrobat (around neck)
Scrolls
 h - a scroll of blinking {unknown}
 j - a scroll of immolation {unknown}
 k - a scroll of poison {unknown}
 o - a scroll of enchant armour {unknown}
 p - 2 scrolls of amnesia {unknown}
Potions
 b - a potion of magic
 e - a potion of invisibility {unknown}
 f - a potion of attraction {unknown}
 i - a potion of degeneration {unknown}
 l - a potion of ambrosia {unknown}
 n - a potion of curing {unknown}
 q - a potion of heal wounds {unknown}


   Skills:
 + Level 1.7 Dodging
 - Level 2.1 Stealth
 + Level 2.7 Spellcasting
 + Level 1.8 Conjurations
 + Level 4.1 Fire Magic


You had 2 spell levels left.
You knew the following spells:

 Your Spells              Type           Power      Damage    Failure   Level
a - Foxfire               Conj/Fire      68%        2x1d7     3%          1
b - Scorch                Fire           46%        2d7       3%          2
c - Kindle Blastsparks    Fire/Tloc/Air  18%        2d11      19%         3

Your spell library contained the following spells:

 Spells                   Type           Power      Damage    Failure   Level
 Static Discharge         Conj/Air       14%        2-3/arc   12%         2
 Inner Flame              Hex/Fire       13%        N/A       14%         3
 Vhi's Electric Charge    Tloc/Air       6%         N/A       32%         3
 Flame Wave               Conj/Fire      17%        2d7       32%         4
 Arcjolt                  Conj/Air       3%         1d13      91%         5
 Lightning Bolt           Conj/Air       3%         1d15      91%         5


Dungeon Overview and Level Annotations

Branches:
Dungeon (3/15)

Altars:
Dithmenos

Annotations:
D:3 Sigmund


Innate Abilities, Weirdness & Mutations

You are immune to sickness and miasma.
Your stone body is resilient. (AC +3)
You are immune to poison.
You resist negative energy. (rN+)
You are resistant to electric shocks. (rElec)
You are resistant to unholy torment.
You are immune to petrification.


Message History

You miscast Foxfire.
You are very lightly contaminated with residual magic.
Nothing appears to happen.
The foxfire hits the ufetubus!
The ufetubus is burned terribly!
You kill the ufetubus!
Your foxfire dissipates!
Your magical contamination has completely faded away.
You hear a shout!
You hear some strange, mumbled words.
Deactivating autopickup; reactivate with Ctrl-A.
You are confused.
You're too confused to cast spells.
Sorry, you're not good enough to have a special ability.
You're too confused to cast spells.
Sorry, you're not good enough to have a special ability.
You're too confused to cast spells.
Sorry, you're not good enough to have a special ability.
You're too confused to cast spells.
Sorry, you're not good enough to have a special ability.
Unknown command.
You hear some strange, mumbled words.
A puff of flame appears from out of thin air!
The puff of flame misses you.
You see here 14 gold pieces.
You're too confused to cast spells.
Sorry, you're not good enough to have a special ability.
You're too confused to cast spells.
Sorry, you're not good enough to have a special ability.
You bump into the rock wall.
Something completely misses you. Something hits you but does no damage.
You see here 14 gold pieces.
Something hits you!
You feel less confused. Something misses you. Something hits you!
* * * LOW HITPOINT WARNING * * *
You see here 14 gold pieces.
You completely miss something. You barely miss something. Something hits you!
You die...

#.####..####
. #..#####
.## #......#
...##..##.#
#.###.#
#..##.## ###
#.....# ...##
##....#.....#
##..@.......
####{......
.......
...<..#
#.....#
...... ......
......


There were no monsters in sight!

Vanquished Creatures
  An adder (D:2)
  An ufetubus (D:3)
  2 worms (D:2)
  A dart slug (D:1)
  3 ball pythons (D:1)
  4 bats
  6 endoplasms
  A giant cockroach (D:1)
  3 goblins
  7 hobgoblins
  2 jackals (D:2)
  3 quokkas (D:2)
  2 frilled lizards (D:1)
  6 kobolds
  5 rats (D:1)
47 creatures vanquished.

Vanquished Creatures (others)
  118 foxfires
118 creatures vanquished.

Grand Total: 165 creatures vanquished

Notes
Turn   | Place    | Note
-------+----------+-------------------------------------------
     0 | D:1      | funkygono the Gargoyle Fire Elementalist began the quest
                  | for the Orb.
     0 | D:1      | Reached XP level 1. HP: 10/10 MP: 3/3
   181 | D:1      | Reached XP level 2. HP: 15/15 MP: 3/5
   184 | D:1      | Learned a level 2 spell: Scorch
   546 | D:1      | Reached XP level 3. HP: 19/19 MP: 2/6
   550 | D:1      | Learned a level 3 spell: Kindle Blastsparks
  1749 | D:2      | Found a faded altar of an unknown god.
  1857 | D:2      | Reached skill level 4 in Fire Magic
  1857 | D:2      | Reached XP level 4. HP: 24/24 MP: 0/7
  1927 | D:2      | Found a shadowy altar of Dithmenos.
  2488 | D:3      | Slain by Sigmund

Illustrated notes

Levels and vault maps discovered:
D:1:      lightli_molten_gateway, layout_basic
D:2:      layout_basic, basic_altar, hellmonk_ecumenical_altar_run_dry,
          minmay_heptomino_l4
D:3:      layout_rooms, uniq_crazy_yiuf_cottage, uniq_sigmund

Skill      XL: |  1  2  3 |
---------------+----------+-----
Fire Magic     | 4 |  4.1
Dodging        | |  1.7
Stealth        | |  2.1
Spellcasting   | |  2.7
Conjurations   | |  1.8

Action                     |  1- 3 |  4- 6 || total
---------------------------+-------+-------++-------
  Melee: Whip              |     1 |     2 ||     3
   Cast: Foxfire           |    54 |    15 ||    69
         Scorch            |     8 |     2 ||    10
 Armour: Robe              |     1 |     1 ||     2
  Dodge: Dodged            |    11 |     3 ||    14

Table legend: (Time is in decaauts)
 A = Elapsed time spent in this place.
 B = Non-inter-level travel time spent in this place.
 C = Inter-level travel time spent in this place.
 D = Time resting spent in this place.
 E = Time spent auto-exploring this place.
 F = Levels seen in this place.
 G = Mean time per level.
                   A        B        C        D        E       F      G
               +--------+--------+--------+--------+--------+-----+--------+
         Total |   2486 |   2418 |     68 |     25 |   2089 |   3 |  828.7 |
       Dungeon |   2486 |   2418 |     68 |     25 |   2089 |   3 |  828.7 |
               +--------+--------+--------+--------+--------+-----+--------+

Top non-repeatable levels by time:
     D:1: 1198 daAuts
     D:2: 1119 daAuts
     D:3: 167 daAuts
